 Dungeon Crawl Stone Soup version 0.25-a0-163-g00f8f0cddd (webtiles) character file.

Game seed: 4584799151859207970, levelgen mode: deterministic

21959 RedPan the Nimble (level 12, -15/63 HPs)
             Began as a Grey Draconian Ice Elementalist on Nov 22, 2019.
             Was a High Priest of Sif Muna.
             Demolished by a large abomination (24 damage)
             ... on level 3 of the Abyss.
             The game lasted 01:02:32 (17581 turns).

RedPan the Nimble (DrIE)                           Turns: 17581, Time: 01:02:33

Health: -15/63     AC: 16    Str: 18      XL:     12   Next: 58%
Magic:  20/20      EV: 28    Int: 15 (20) God:    Sif Muna [*****.]
Gold:   960        SH:  0    Dex: 15 (17) Spells: 16/30 levels left

rFire    + + .     SeeInvis .   c - +6 spear of the Tooth {pierce, rElec rF+ rC+}
rCold    + + .     Gourm    .   (no shield)
rNeg     . . .     Faith    .   (armour unavailable)
rPois    .         Spirit   .   (helmet restricted)
rElec    +         Reflect  .   w - scarf {rC+ rF+}
rCorr    .         Harm     .   B - +0 pair of gloves
MR       .....     Rnd*Rage +   a - +1 pair of boots
Stlth    +.........             n - amulet of magic regeneration
HPRegen  0.20/turn              L - +2 ring of strength
MPRegen  0.42/turn              Q - +2 ring of evasion

@: confused, mighty, agile, silence, very slightly contaminated, studying
Dodging, invisible
A: walk through water, unfitting armour, [berserk 2], [blurry vision 2],
[deterioration 2], [frail 3], [low mp 2], unbreathing, cold-blooded, AC +13
a: Renounce Religion


You were on level 3 of the Abyss.
You worshipped Sif Muna.
Sif Muna was extremely pleased with you.
You were not hungry.

You visited 3 branches of the dungeon, and saw 15 of its levels.
You visited the Abyss 1 time.
You also visited: Ossuary.

You collected 960 gold pieces.

Inventory:

Hand Weapons
 c - the +6 spear of the Tooth (weapon) {pierce, rElec rF+ rC+}
   (You found it on level 6 of the Dungeon)

   It inflicts extra damage upon your enemies.
   It protects you from fire.
   It protects you from cold.
   It insulates you from electricity.
 o - a +2 flail of protection
 v - a +1 trident of piercing
Missiles
 u - 347 stones (quivered)
Armour
 a - a +1 pair of boots (worn)
 w - a scarf of resistance (worn)
 B - a +0 pair of gloves (worn)
Magical Staves
 G - an uncursed staff of poison
Jewellery
 n - an amulet of magic regeneration (around neck)
 t - an uncursed ring of protection from magic
 L - a +2 ring of strength (left hand)
 O - a +4 amulet of reflection
 Q - a +2 ring of evasion (right hand)
 S - an uncursed ring of ice
Wands
 j - a wand of random effects (39)
 p - a wand of clouds (6)
 x - a wand of flame (32)
 E - a wand of digging (7)
 I - a wand of paralysis (8)
 P - a wand of disintegration (19)
 U - a wand of enslavement (6)
 V - a wand of scattershot (5)
 W - a wand of polymorph (9)
 X - a wand of acid (9)
Scrolls
 d - 10 scrolls of remove curse
 f - a scroll of magic mapping
 m - a scroll of fear
 A - 5 scrolls of enchant weapon
 D - 5 scrolls of amnesia
 N - 2 scrolls of enchant armour
Potions
 e - 5 potions of cancellation
 g - a potion of flight
 q - 5 potions of lignification
 r - 3 potions of brilliance
 z - a potion of resistance
 C - 4 potions of berserk rage
 F - 2 potions of magic
 J - 2 potions of mutation
Books
 y - a manual of Dodging
Comestibles
 b - 28 rations


   Skills:
 - Level 4.2 Fighting
 - Level 7.0 Polearms
 + Level 12.1 Dodging
 - Level 1.7 Stealth
 + Level 9.6 Spellcasting
 + Level 4.4 Conjurations
 + Level 4.1 Charms
 - Level 5.0 Summonings
 - Level 8.0 Ice Magic
 + Level 3.3 Air Magic
 - Level 8.1 Invocations


You had 16 spell levels left.
You knew the following spells:

 Your Spells              Type           Power        Failure   Level  Hunger
a - Freeze                Ice            ####         1%          1    None
b - Summon Ice Beast      Ice/Summ       ####....     7%          4    ###....
c - Regeneration          Chrm/Necr      ##........   13%         3    #......
d - Freezing Cloud        Conj/Ice/Air   ###.......   87%         6    ######.

Your spell library contained the following spells:

 Spells                   Type           Power        Failure   Level  Hunger
 Infusion                 Chrm           ###.         1%          1    None
 Throw Frost              Conj/Ice       ####..       1%          2    None
 Song of Slaying          Chrm           ###.....     2%          2    None
 Ozocubu's Armour         Chrm/Ice       ####....     2%          3    #......
 Shroud of Golubria       Chrm/Tloc      ##....       7%          2    None
 Throw Icicle             Conj/Ice       ####....     8%          4    ###....
 Animate Skeleton         Necr           N/A          10%         1    None
 Beastly Appendage        Tmut           #.....       10%         1    None
 Pain                     Necr           #...         10%         1    None
 Spectral Weapon          Hex/Chrm       ##......     13%         3    #......
 Sticks to Snakes         Tmut           #.......     16%         2    None
 Ice Form                 Ice/Tmut       ###.....     19%         4    ###....
 Spider Form              Tmut/Pois      #.........   30%         3    #......
 Cause Fear               Hex            #.........   69%         4    ###....
 Excruciating Wounds      Chrm/Necr      ##........   77%         5    #####..
 Silence                  Hex/Air        ##........   82%         5    #####..
 Agony                    Necr           #.......     95%         5    #####..
 Blade Hands              Tmut           #.........   95%         5    #####..
 Yara's Violent Unravell  Hex/Tmut       #.........   95%         5    #####..
 Deflect Missiles         Chrm/Air       ###.......   98%         6    ######.
 Borgnjor's Revivificati  Necr           #.........   100%        8    #######
 Discord                  Hex            #.........   100%        8    #######


Dungeon Overview and Level Annotations

Branches:
Dungeon (10/15)            Temple (1/1) D:5            Lair (4/6) D:9
 Shoals (0/4) Lair:3       Spider (0/4) Lair:4      Ossuary (visited)
    Orc: D:9-12

Altars:
Ashenzari
Cheibriados
Elyvilon
Fedhas
Gozag
Hepliaklqana
Makhleb
Nemelex Xobeh
Okawaru
Qazlal
Ru
Sif Muna
Trog
Uskayaw
Vehumet
Wu Jian
Xom
Yredelemnul
Zin
The Shining One

Shops:
D:4 *

Annotations:
Lair:2 1 runed translucent door, endorz's ghost, novice TrFi
Lair:4 Sonja


Innate Abilities, Weirdness & Mutations

You can walk through water.
Your dull iron-grey scales are very hard. (AC +13)
You cannot fit into any form of body armour.
You can survive without breathing.
You are cold-blooded and may be slowed by cold attacks.
[You often lose your temper in combat.]
[Scrolls take you longer to read.]
[Your body often deteriorates upon taking damage.]
[You are extremely frail. (-30% HP)]
[Your magical capacity is very low. (-20% MP)]


Message History

Are you sure you want to abandon this character and quit the game? (Confirm with "yes".)
Okay, then.
Okay, then.
Evoke which item? (* to show all) (? for menu, Esc to quit)
You're too confused!
You hit the large abomination but do no damage.
The golden eye blinks at you.
The large abomination completely misses you.
The ice devil misses you.
All of the chunks of flesh in your inventory have rotted away.
Evoke which item? (* to show all) (? for menu, Esc to quit)
You're too confused!
You bump into the stone wall.
The golden eye blinks at you.
You are more confused.
Your ice beast hits the ice devil but does no damage.
A chorus of shrieks assaults your mind.
* * * LOW HITPOINT WARNING * * *
The large abomination hits you!!
You die...

# #.. . # # .# #.#
#. ##.# ♣♣♣
..####♣♣.♣♣##.#...
#. #.XX.Y4@XG.....
#.##X#♣♣.♣.#......
...#. # # ♣##
.$... #.Y#.# ....
###X . .#. X..##.
.. ##### . ### #


You could see 3 starcursed masses, a large abomination, an ice devil, a golden
eye and a friendly ice beast.

Vanquished Creatures
  Fannar (Lair:2)
  Erolcha (D:9)
  Erica (D:8)
  An elephant (Lair:4)
  A centaur zombie (D:10)
  A black mamba (Lair:3)
  2 spiny frogs (Lair:4)
  A merfolk (Lair:3)
  2 jumping spiders (Lair:4)
  4 blink frogs
  4 raiju (Abyss:3)
  4 hippogriffs
  9 yaks
  A wraith (Ossuary)
  Edmund (D:4)
  4 water moccasins
  A porcupine (Lair:2)
  An orc warrior (D:9)
  3 ice beasts
  2 sky beasts
  3 ogres
  A phantom (D:8)
  5 centaurs
  7 crocodiles
  An elf zombie (Ossuary)
  7 bullfrogs
  A water moccasin zombie (D:7)
  2 scorpions
  A wyvern skeleton (D:10)
  2 killer bees (D:8)
  4 wights (D:8)
  An electric eel (Lair:2)
  A crimson imp (D:10)
  2 jellies
  An orc priest (D:6)
  A starcursed mass (Abyss:3)
  3 bullfrog skeletons
  A bullfrog zombie (D:8)
  A quasit (D:7)
  2 centaur skeletons
  3 hounds
  4 orc wizards
  Jessica (D:2)
  6 iguanas
  4 worker ants
  A hound zombie (D:6)
  A worker ant zombie (D:5)
  8 gnolls
  11 adders
  3 oozes
  An adder zombie (D:6)
  3 adder skeletons
  3 worms
  4 dart slugs
  9 leopard geckos
  15 orcs
  7 giant cockroaches
  15 goblins
  8 hobgoblins
  11 jackals
  6 quokkas
  11 ball pythons (D:3)
  10 bats
  5 frilled lizards
  4 goblin zombies (Ossuary)
  A hobgoblin zombie (Ossuary)
  17 kobolds
  3 kobold zombies (Ossuary)
  A leopard gecko skeleton (D:5)
  2 quokka skeletons
  9 rats
279 creatures vanquished.

Vanquished Creatures (collateral kills)
  3 hydras
  A two-headed ogre (D:7)
  A large abomination (Abyss:2)
  10 elephants
  Maurice (D:9)
  2 merfolk sirens (Lair:3)
  A black mamba (Lair:3)
  3 spiny frogs
  2 komodo dragons
  A rime drake (Lair:1)
  An ancient zyme (Abyss:2)
  A troll (D:9)
  A jumping spider (Lair:4)
  3 hippogriffs
  2 raiju (Abyss:3)
  7 blink frogs
  Grinder (D:5)
  13 yaks
  A redback (Lair:4)
  2 basilisks
  A wyvern (Lair:3)
  A hungry ghost (D:10)
  3 wargs (D:9)
  6 porcupines
  2 black bears (D:6)
  An ogre (D:6)
  A starcursed mass (Abyss:3)
  12 crocodiles
  A big kobold (D:7)
  Blork the orc (D:4)
  A bullfrog (Lair:3)
  2 scorpions
  4 killer bees
  A wight (D:8)
  A crimson imp (D:9)
  2 hounds
  A gnoll shaman (D:8)
  5 orc priests (D:9)
  An orc wizard (D:7)
  2 iguanas (Lair:1)
  4 mummies
  A worker ant zombie (D:5)
  Robin (D:4)
  10 gnolls
  A leopard gecko (Lair:1)
  7 orcs
  6 goblins (D:4)
  A hobgoblin (D:4)
  A quokka (D:5)
  2 frilled lizards (Lair:1)
  A goblin zombie (Ossuary)
  2 hobgoblin zombies (Ossuary)
  A kobold (D:7)
144 creatures vanquished.

Vanquished Creatures (others)
  A goblin (D:4)
  5 fungi
  A plant (Lair:4)
7 creatures vanquished.

Grand Total: 430 creatures vanquished

Notes
Turn   | Place    | Note
-------+----------+-------------------------------------------
     0 | D:1      | RedPan the Draconian Ice Elementalist began the quest for
                  | the Orb.
     0 | D:1      | Reached XP level 1. HP: 14/14 MP: 3/3
   180 | D:1      | Reached XP level 2. HP: 20/20 MP: 1/5
   688 | D:1      | Reached XP level 3. HP: 15/26 MP: 1/7
  1325 | D:2      | Found a shimmering altar of Xom.
  1750 | D:2      | Reached XP level 4. HP: 29/33 MP: 5/8
  1751 | D:2      | Noticed Jessica
  1759 | D:2      | Killed Jessica
  1906 | D:2      | Learned a level 4 spell: Summon Ice Beast
  2527 | D:2      | Reached XP level 5. HP: 38/38 MP: 8/10
  2534 | D:2      | Reached skill level 1 in Summonings
  2709 | D:2      | Found a burning altar of Makhleb.
  4188 | D:3      | Found a sacrificial altar of Ru.
  4328 | D:3      | Reached XP level 6. HP: 45/45 MP: 10/12
  4352 | D:3      | Reached skill level 5 in Ice Magic
  4725 | D:4      | Found an opulent altar of Gozag.
  4941 | D:4      | Noticed Edmund
  4959 | D:4      | Killed Edmund
  5058 | D:4      | Found a glowing golden altar of the Shining One.
  5077 | D:4      | Noticed Robin
  5089 | D:4      | Killed Robin
  5249 | D:4      | Noticed Blork the orc
  5255 | D:4      | Killed Blork the orc
  5255 | D:4      | Your scales start taking on a dull iron-grey colour.
  5255 | D:4      | Reached XP level 7. HP: 50/50 MP: 6/13
  5255 | D:4      | Gained mutation: You can survive without breathing. [Grey
                  | Draconian growth]
  5275 | D:4      | Found Gozag's Platinum Reserve.
  5310 | D:4      | Found a shattered altar of Ashenzari.
  5310 | D:4      | Found a snail-covered altar of Cheibriados.
  5312 | D:4      | Noticed a red devil
  5621 | D:5      | Entered Level 5 of the Dungeon
  5643 | D:5      | Found a glowing silver altar of Zin.
  5821 | D:5      | Found a staircase to the Ecumenical Temple.
  5846 | D:5      | Found a faded altar of an unknown god.
  5860 | Temple   | Entered the Ecumenical Temple
  5987 | Temple   | Became a worshipper of Sif Muna the Loreminder
  6077 | D:5      | Reached skill level 5 in Spellcasting
  6097 | D:5      | Noticed Grinder
  6114 | D:5      | Killed Grinder
  6174 | D:5      | Reached XP level 8. HP: 44/57 MP: 11/16
  6370 | D:6      | Found a shimmering altar of Xom.
  6370 | D:6      | Found a shimmering altar of Xom.
  6370 | D:6      | Found a shimmering altar of Xom.
  6370 | D:6      | Found a shimmering altar of Xom.
  6370 | D:6      | Found a shimmering altar of Xom.
  6389 | D:6      | Reached skill level 2 in Dodging
  6470 | D:6      | Found a shimmering altar of Xom.
  6470 | D:6      | Found a shimmering altar of Xom.
  6530 | D:6      | Found a sand-covered staircase.
  6615 | Ossuary  | Entered an ossuary
  6766 | Ossuary  | Reached * piety under Sif Muna
  6943 | Ossuary  | Reached skill level 3 in Dodging
  7418 | D:6      | Got a pitted spear
  7419 | D:6      | Identified the +6 spear of the Tooth {pierce, rElec rF+
                  | rC+} (You found it on level 6 of the Dungeon)
  7507 | D:6      | Reached skill level 5 in Summonings
  7895 | D:6      | Reached skill level 1 in Polearms
  7919 | D:6      | Found a bloodstained altar of Trog.
  7925 | D:6      | Reached skill level 4 in Dodging
  7932 | D:6      | Reached skill level 1 in Invocations
  7999 | D:7      | Reached ** piety under Sif Muna
  8156 | D:7      | Noticed a two-headed ogre
  8165 | D:7      | Killed a two-headed ogre
  8165 | D:7      | Reached skill level 5 in Dodging
  8165 | D:7      | Reached XP level 9. HP: 62/62 MP: 12/18
  8755 | D:8      | Reached skill level 6 in Dodging
  9156 | D:8      | Noticed Erica
  9581 | D:8      | Killed Erica
  9581 | D:8      | Reached skill level 7 in Dodging
  9766 | D:8      | Reached *** piety under Sif Muna
  9931 | D:8      | Found an iron altar of Okawaru.
 10098 | D:9      | Reached skill level 5 in Invocations
 10103 | D:9      | Reached XP level 10. HP: 50/69 MP: 5/21
 10213 | D:9      | Found a staircase to the Lair.
 10298 | D:9      | Noticed Maurice
 10311 | D:9      | Killed Maurice
 10385 | D:9      | Found a radiant altar of Vehumet.
 10417 | D:9      | Reached skill level 5 in Polearms
 10689 | D:9      | Reached skill level 8 in Dodging
 10758 | D:9      | Noticed Erolcha
 10781 | D:9      | Killed Erolcha
 11119 | D:10     | Entered Level 10 of the Dungeon
 11461 | D:10     | Reached skill level 1 in Fighting
 11664 | D:10     | Reached skill level 9 in Dodging
 11774 | D:10     | Reached **** piety under Sif Muna
 11934 | Lair:1   | Entered Level 1 of the Lair of Beasts
 12285 | Lair:1   | Noticed an eight-headed hydra
 12299 | Lair:1   | Killed an eight-headed hydra
 12402 | Lair:1   | Reached XP level 11. HP: 82/82 MP: 18/23
 13020 | Lair:2   | Reached skill level 10 in Dodging
 13493 | Lair:2   | Found a runed translucent door.
 13493 | Lair:2   | Noticed endorz's ghost (novice TrFi)
 14017 | Lair:2   | Noticed Fannar
 14064 | Lair:2   | Killed Fannar
 14145 | Lair:2   | Reached ***** piety under Sif Muna
 14347 | Lair:2   | Learned a level 3 spell: Regeneration
 14544 | Lair:3   | Noticed a four-headed hydra
 14550 | Lair:3   | Killed a four-headed hydra
 14553 | Lair:3   | Identified Sif Muna's Grimoire of Sinister Air (Sif Muna
                  | gifted it to you on level 3 of the Lair of Beasts)
 14553 | Lair:3   | Received a gift from Sif Muna
 14562 | Lair:3   | Learned a level 6 spell: Freezing Cloud
 14578 | Lair:3   | Reached skill level 1 in Charms
 14626 | Lair:3   | Reached skill level 11 in Dodging
 15283 | Lair:3   | Reached skill level 1 in Air Magic
 15452 | Lair:3   | Found a staircase to the Shoals.
 15827 | Lair:3   | Reached XP level 12. HP: 91/91 MP: 16/25
 16263 | Lair:4   | Found a hole to the Spider Nest.
 16417 | Lair:4   | Noticed Sonja
 16495 | Lair:4   | Noticed an eight-headed hydra
 16515 | Lair:4   | Killed an eight-headed hydra
 16568 | Lair:4   | Reached skill level 12 in Dodging
 16843 | Lair:4   | Cast into level 2 of the Abyss (Sonja)
 17175 | Abyss:2  | Noticed a hell hog
 17176 | Abyss:2  | Noticed a hell hog
 17189 | Abyss:2  | Noticed a hell hog
 17217 | Abyss:3  | Noticed a bone dragon
 17291 | Abyss:3  | Noticed a yellow draconian
 17360 | Abyss:3  | Noticed a tentacled starspawn
 17422 | Abyss:3  | Noticed a starcursed mass
 17447 | Abyss:3  | Noticed a starcursed mass
 17581 | Abyss:3  | Demolished by a large abomination

Levels and vault maps discovered:
D:1:      lemuel_arrival_rhombus, layout_basic, columned_hall_lemuel
D:2:      minmay_alternating_diamond, layout_loops_corners,
          makhleb_heckhound_becter, xom_butterflies, uniq_jessica
D:3:      minmay_skewed_foursquare, layout_loops_cross, hangedman_ru_absence,
          nicolae_overflow_hidden_temple, first_ration, hangedman_decor_points,
          minmay_snake_closets
D:4:      layout_gridville, chequers_temple_overflow_statue_of_worship,
          kennysheep_little_box, nicolae_gozag_zags_fifth_avenue, uniq_robin,
          uniq_edmund, uniq_blork_the_orc
D:5:      layout_cave_pools, lemuel_doored_altar,
          nicolae_temple_entry_ecumenical, minmay_manual_monolith, uniq_grinder
D:6:      layout_gridville, trog_ov_bears_minmay, gup_ossuary_entry_pyramid,
          nicolae_xom_altar_mimics
D:7:      layout_basic
D:8:      layout_basic, kennysheep_okawaru_gauntlet, uniq_erica
D:9:      layout_grid_maze, vehumet_crystals, erik_lair_orcish_takeover,
          grunt_pizzeria, uniq_maurice, uniq_erolcha
D:10:     layout_roguey, bh_walls_and_bars
Temple:   nicolae_temple_figure_zero
Lair:1:   lemuel_reptile_caves, layout_misc_corridors, serial_bayou_shore_b
Lair:2:   layout_hall_layers, gammafunk_ghost_grave, serial_bayou_shore_a,
          uniq_fannar
Lair:3:   layout_cave_pods, elwin_shoals_entry_rooms, grunt_megastairs_3
Lair:4:   layout_loops_ring, spider_nest_entry_a, infiniplex_staircase_pool_2,
          lemuel_fruit_tree, grunt_megastairs_4, uniq_sonja, uniq_rupert
Abyss:3:  base: D:4, evilmike_abyss_exit_17, hangedman_abyss_rune_macabre_mess,
          evilmike_abyss_exit_mutagenic, evilmike_abyss_exit_mutagenic,
          hangedman_abyss_or_decor_stabs, minivault_19,
          evilmike_abyss_exit_plants, due_exit_kobolds, evilmike_abyss_exit_15,
          evilmike_abyss_rune_siren_acolytes,
          dshaligram_kb_abyss_rune_zappy_water_cross

Skill      XL: |  1  2  3  4  5  6  7  8  9 10 11 12 |
---------------+-------------------------------------+-----
Spellcasting   | 3 4 5 6 7 8 9 |  9.6
Ice Magic      | 4 5 6 7 8 |  8.0
Summonings     | 2 3 4 5 |  5.0
Dodging        | 5 7 9 11 12 | 12.1
Polearms       | 2 4 6 7 |  7.0
Invocations    | 2 5 7 8 |  8.1
Fighting       | 3 4 |  4.2
Charms         | 2 4 |  4.1
Conjurations   | 2 4 |  4.4
Air Magic      | 1 3 |  3.3
Stealth        | |  1.7

Action                   |  1- 3 |  4- 6 |  7- 9 | 10-12 || total
-------------------------+-------+-------+-------+-------++-------
Melee: Short sword       |    60 |    21 |       |       ||    81
       Unarmed           |     1 |       |       |       ||     1
       Tailslap          |     3 |    14 |    27 |    52 ||    96
       Spear             |       |    96 |   187 |   665 ||   948
       Dagger            |       |    57 |       |       ||    57
       Flail             |       |    25 |   140 |       ||   165
       Trident           |       |       |     6 |       ||     6
 Cast: Freeze            |    42 |    60 |    34 |     3 ||   139
       Summon Ice Beast  |       |     6 |    50 |   186 ||   242
       Regeneration      |       |       |       |     9 ||     9
Invok: Channel Magic     |       |       |       |     1 ||     1
Evoke: Wand              |       |       |     1 |       ||     1
  Use: Scroll            |     6 |     5 |    12 |    13 ||    36
       Potion            |       |       |     7 |    19 ||    26
 Stab: Sleeping          |    10 |    11 |     5 |     2 ||    28
       Distracted        |       |       |     3 |     9 ||    12
       Invisible         |       |       |       |     6 ||     6
  Eat: Chunk             |     3 |    12 |    17 |    35 ||    67
       Ration            |       |       |     2 |     2 ||     4
Armor: Skin              |    20 |    83 |   152 |   129 ||   384
Dodge: Dodged            |    63 |   140 |   221 |   388 ||   812

Table legend:
 A = Non-vault XP
 B = Vault XP
 C = Vault XP percentage of total XP
 D = Non-vault monster count
 E = Vault monster count
 F = Vault count percentage of total count
                 A         B        C        D         E       F
            +---------+---------+-------+---------+---------+-------
      Total |   22742 |    8628 |  27.5 |     294 |     130 |  30.7
            +---------+---------+-------+---------+---------+-------
        D:1 |      48 |       0 |   0.0 |      27 |       0 |   0.0
        D:2 |     154 |      88 |  36.4 |      37 |       7 |  15.9
        D:3 |      38 |      80 |  67.8 |      14 |      22 |  61.1
        D:4 |     153 |     181 |  54.2 |      13 |      13 |  50.0
        D:5 |     380 |     339 |  47.1 |      11 |       6 |  35.3
        D:6 |     403 |     194 |  32.5 |      16 |       3 |  15.8
        D:7 |    1036 |       0 |   0.0 |      22 |       0 |   0.0
        D:8 |    1215 |     755 |  38.3 |      32 |       3 |   8.6
        D:9 |    1034 |    1552 |  60.0 |      16 |      13 |  44.8
       D:10 |    1584 |       0 |   0.0 |      12 |       0 |   0.0
     Lair:1 |    2465 |    1266 |  33.9 |      17 |      32 |  65.3
     Lair:2 |    2993 |     935 |  23.8 |      22 |       1 |   4.3
     Lair:3 |    4569 |    1188 |  20.6 |      24 |       5 |  17.2
     Lair:4 |    4566 |    1751 |  27.7 |      19 |       9 |  32.1
    Abyss:2 |     811 |       0 |   0.0 |       3 |       0 |   0.0
    Abyss:3 |    1293 |       0 |   0.0 |       9 |       0 |   0.0
    Ossuary |       0 |     299 | 100.0 |       0 |      16 | 100.0
            +---------+---------+-------+---------+---------+-------
